 Dungeon Crawl Stone Soup version 0.26-a0-808-g930a2b7adc (webtiles) character file.

Game seed: 6750980177492938964

51 ANON1729 the Magician (level 3, -1/31 HPs)
             Began as a Deep Dwarf Wanderer on Nov 12, 2020.
             Slain by Sigmund
             ... wielding a +0 scythe
              (7 damage)
             ... on level 3 of the Dungeon.
             The game lasted 00:04:16 (2078 turns).

ANON1729 the Magician (Deep Dwarf Wanderer)         Turns: 2078, Time: 00:04:16

Health: -1/31      AC:  2    Str: 14    XL:     3   Next: 58%
Magic:  6/6        EV: 11    Int: 13    God:
Gold:   154        SH:  0    Dex: 13    Spells: 7/8 levels left

rFire    . . .     SeeInvis .   a - +0 club
rCold    . . .     Faith    .   (no shield)
rNeg     . . .     Spirit   .   d - +0 robe
rPois    .         Reflect  .   (no helmet)
rElec    .         Harm     .   (no cloak)
rCorr    .         Rampage  .   (no gloves)
MR       .....                  (no boots)
Stlth    +.........             (no amulet)
HPRegen  0.00/turn              (no ring)
MPRegen  0.10/turn              (no ring)

@: non-regenerating
A: damage resistance, heal wounds, sense surroundings 1, no regeneration
a: Heal Wounds


You were on level 3 of the Dungeon.
You visited 1 branch of the dungeon, and saw 3 of its levels.

You collected 154 gold pieces.

Inventory:

Hand Weapons
 a - a +0 club (weapon)
Armour
 d - a +0 robe (worn)
 o - a +0 buckler
Scrolls
 c - 3 scrolls of teleportation
 e - a scroll of enchant armour {unknown}
 f - 3 scrolls of identify {unknown}
 h - a scroll of blinking {unknown}
 i - 3 scrolls of remove curse {unknown}
 k - a scroll of noise {unknown}
 n - a scroll of amnesia {unknown}
Potions
 b - a potion of mutation {unknown}
 g - a potion of degeneration {unknown}
 j - a potion of magic {unknown}
 l - a potion of heal wounds {unknown}
 m - a potion of attraction {unknown}


   Skills:
 + Level 1.0 Fighting
 + Level 1.2 Armour
 - Level 2.1 Shields
 + Level 1.0 Unarmed Combat
 * Level 3.2 Spellcasting
 - Level 2.0 Conjurations
   Level 1.7 Fire Magic
   Level 1.0 Ice Magic


You had 7 spell levels left.
You knew the following spells:

 Your Spells              Type           Power        Failure   Level
a - Magic Dart            Conj           #...         10%         1

Your spell library contained the following spells:

 Spells                   Type           Power        Failure   Level
 Conjure Flame            Conj/Fire      #.......     30%         3
 Blink                    Tloc           N/A          34%         2
 Call Imp                 Summ           #.......     34%         2
 Corpse Rot               Necr/Air       N/A          34%         2
 Slow                     Hex            #.......     34%         2
 Sublimation of Blood     Necr           #.........   34%         2
 Mephitic Cloud           Conj/Pois/Air  #.......     45%         3


Dungeon Overview and Level Annotations

Branches:
Dungeon (3/15)

Altars:

Annotations:
D:2 Terence
D:3 Sigmund


Innate Abilities, Weirdness & Mutations

You are resistant to damage.
You can heal yourself by infusing magical energy.
You passively map a small area around you.
You do not regenerate.


Message History

Sigmund is moderately wounded.
Sigmund screams, "Die, monster!"
Sigmund closely misses you.
You barely miss Sigmund.
Sigmund is moderately wounded.
Sigmund hits you with a +0 scythe!
* * * LOW HITPOINT WARNING * * *
You hit Sigmund.
Sigmund is heavily wounded.
Sigmund closely misses you.
You closely miss Sigmund.
Sigmund is heavily wounded.
Sigmund gestures wildly while chanting.
Sigmund flickers and vanishes!
Deactivating autopickup; reactivate with Ctrl-A.
You hit something but do no damage. Something hits you.
You completely miss something. Something hits you but does no damage.
You completely miss something. Something hits you but does no damage.
You miss something. Something hits you!
You die...

* * * * ###### .
,, * #....# ...,,*
#.##.#
.....####.##.# , *
......{@..##.#####
,
############.....#
* * *#####.# , ,,
#.# , * *
#########.# ,
#.........# , * ,,
###.######### , ,
,, * #.....# ,
#.#####


There were no monsters in sight!

Vanquished Creatures
  An adder (D:2)
  3 dart slugs
  A leopard gecko (D:1)
  3 giant cockroaches
  4 goblins
  2 hobgoblins (D:1)
  6 jackals
  2 bats (D:2)
  2 frilled lizards (D:2)
  7 kobolds
  3 rats (D:1)
34 creatures vanquished.

Notes
Turn   | Place    | Note
-------+----------+-------------------------------------------
     0 | D:1      | ANON1729 the Deep Dwarf Wanderer began the quest for the
                  | Orb.
     0 | D:1      | ANON1729 set off with the following items: a +0 club, a
                  | scroll of teleportation, a +0 robe; and the following spell
                  | memorised: Magic Dart; and the following spells available
                  | to memorise: Blink, Call Imp, Corpse Rot, Slow, Sublimation
                  | of Blood, Conjure Flame, Mephitic Cloud
     0 | D:1      | Reached XP level 1. HP: 15/15 MP: 4/4
     8 | D:1      | You fall into a shaft and drop 1 floor!
   217 | D:2      | Reached XP level 2. HP: 19/22 MP: 0/5
   462 | D:1      | Reached skill level 3 in Spellcasting
   851 | D:1      | Reached XP level 3. HP: 22/30 MP: 3/7
  1015 | D:1      | Reached skill level 1 in Armour
  1454 | D:2      | Reached skill level 1 in Fighting
  1454 | D:2      | Reached skill level 1 in Unarmed Combat
  1876 | D:2      | Noticed Terence
  2058 | D:3      | Noticed Sigmund
  2078 | D:3      | Slain by Sigmund

Illustrated notes

Levels and vault maps discovered:
D:1:      saegor_arrival_simple_a, layout_basic
D:2:      layout_loops_ring, uniq_terence
D:3:      layout_basic, uniq_natasha, uniq_sigmund, uniq_ijyb

Skill      XL: |  1  2  3 |
---------------+----------+-----
Conjurations   | 2 |  2.0
Spellcasting   | 3 |  3.2
Armour         | 1 |  1.2
Fighting       | 1 |  1.0
Unarmed Combat | 1 |  1.0
Shields        | |  2.1
Fire Magic     | |  1.7
Ice Magic      | |  1.0

Action                   || total
-------------------------++-------
Melee: Club              ||    72
 Cast: Magic Dart        ||    88
 Abil: Heal Wounds       ||     1
Armor: Robe              ||    13
Dodge: Dodged            ||    55

Table legend: (Time is in decaauts)
 A = Elapsed time spent in this place.
 B = Non-inter-level travel time spent in this place.
 C = Inter-level travel time spent in this place.
 D = Time resting spent in this place.
 E = Time spent auto-exploring this place.
 F = Levels seen in this place.
 G = Mean time per level.
                   A        B        C        D        E       F      G
               +--------+--------+--------+--------+--------+-----+--------+
         Total |   2102 |   1941 |    161 |    119 |   1463 |   3 |  700.7 |
       Dungeon |   2102 |   1941 |    161 |    119 |   1463 |   3 |  700.7 |
               +--------+--------+--------+--------+--------+-----+--------+

Top non-repeatable levels by time:
     D:2: 1043 daAuts
     D:1: 1013 daAuts
     D:3: 46 daAuts
